 Dungeon Crawl Stone Soup version 0.26-a0-844-g3dd439832f (webtiles) character file.

Game seed: 1792604114018874294

4687 Spectrina the Cruncher (level 10, -1/74 HPs)
             Began as a Demigod Delver on Nov 18, 2020.
             Slain by a hell rat (5 damage)
             ... on level 1 of the Lair of Beasts on Nov 19, 2020.
             The game lasted 00:47:48 (4812 turns).

Spectrina the Cruncher (Demigod Delver)             Turns: 4812, Time: 00:47:49

Health: -1/74      AC: 13    Str: 25    XL:     10   Next: 1%
Magic:  13/13      EV:  9    Int: 20    God:
Gold:   406        SH:  0    Dex: 17    Spells: 9/9 levels left

rFire    . . .     SeeInvis .   U - +1 great mace of the Fray {venom, rN++ Str+4} (curse)
rCold    . . .     Faith    .   (shield currently unavailable)
rNeg     + + .     Spirit   .   P - +0 chain mail
rPois    .         Reflect  .   (no helmet)
rElec    .         Harm     .   (no cloak)
rCorr    .         Rampage  .   (no gloves)
MR       +....                  C - +0 pair of boots
Stlth    ..........             k - amulet of the acrobat
HPRegen  0.22/turn              l - +4 ring of protection
MPRegen  0.13/turn              R - +6 ring of intelligence

@: lightly drained
A: high mp 1
a: no special abilities


You were on level 1 of the Lair of Beasts.
You visited 2 branches of the dungeon, and saw 11 of its levels.

You collected 406 gold pieces.

Inventory:

Hand Weapons
 a - a +0 quarterstaff
 b - a +0 hunting sling
 i - a +0 mace of draining
 y - a +0 mace
 F - a +2 dagger of electrocution
 N - a +1 whip of electrocution
 S - a +2 bardiche of venom
 U - the cursed +1 great mace of the Fray (weapon) {venom, rN++ Str+4}
   (You found it on level 1 of the Lair of Beasts)

   It poisons the flesh of those it strikes.
   It affects your strength (+4).
   It greatly protects you from negative energy.
   It has a curse placed upon it.
Missiles
 o - 94 arrows
 p - 68 sling bullets
 q - 63 bolts
 w - 20 boomerangs
 A - 29 poisoned darts (quivered)
 E - 5 silver boomerangs
Armour
 s - a +2 leather armour of cold resistance
 t - a +0 leather armour
 x - a +0 scale mail
 C - a +0 pair of boots (worn)
 D - a +1 leather armour of fire resistance
 P - a +0 chain mail (worn)
Magical Staves
 W - an uncursed staff of cold {unknown}
Jewellery
 k - an amulet of the acrobat (around neck)
 l - a +4 ring of protection (left hand)
 r - an uncursed ring of see invisible
 M - an uncursed ring of teleportation
 R - a +6 ring of intelligence (right hand)
Wands
 g - a wand of digging (8)
 h - a wand of random effects (18)
 J - a wand of polymorph (2)
 Q - a wand of flame (19)
Scrolls
 c - a scroll of fog
 d - 3 scrolls of magic mapping
 e - 3 scrolls of fear
 j - a scroll of noise {unknown}
 m - 3 scrolls of enchant armour {unknown}
 n - 8 scrolls of remove curse
 v - 7 scrolls of teleportation {unknown}
 z - 3 scrolls of immolation
 B - a scroll of blinking
 G - 2 scrolls of enchant weapon {unknown}
 L - a scroll of silence
Potions
 f - a potion of haste
 u - a potion of flight
 H - a potion of mutation
 I - 2 potions of curing
 K - 2 potions of brilliance
 O - a potion of heal wounds
 T - a potion of berserk rage
 V - a potion of degeneration {unknown}


   Skills:
 - Level 2.6(2.4) Fighting
 + Level 5.4(8.7) Maces & Flails
 - Level 5.9(9.0) Polearms
 - Level 11.0(11.7) Staves
 - Level 1.7(1.5) Dodging
 - Level 4.5(4.2) Stealth


You had 9 spell levels left.
You didn't know any spells.
Your spell library contained the following spells:

 Spells                   Type           Power        Failure   Level
 Freeze                   Ice            #...         83%         1
 Confusing Touch          Hex            #.......     99%         3
 Frozen Ramparts          Ice            #.....       99%         3
 Gell's Gravitas          Tloc           #.........   99%         3
 Ozocubu's Armour         Ice            #.......     99%         3
 Hailstorm                Conj/Ice       #.......     100%        4
 Petrify                  Tmut/Erth      #.......     100%        4
 Summon Ice Beast         Ice/Summ       #.......     100%        4
 Metabolic Englaciation   Hex/Ice        #.........   100%        5
 Yara's Violent Unravell  Hex/Tmut       #.........   100%        5


Dungeon Overview and Level Annotations

Branches:
Dungeon (9/15)             Temple (0/1) D:7            Lair (2/6) D:8
 Spider (0/4) Lair:2
  Swamp: Lair:2-4    Shoals: Lair:2-4       Orc: D:9-12

Annotations:
D:4 Dowan


Innate Abilities, Weirdness & Mutations

You have an increased reservoir of magic. (+10% MP)


Message History

The hell rat bites you. A mysterious force pulls you upwards.
The hatch slams shut behind you.
Unknown command.
You closely miss the hell rat. The hell rat bites you. You partially resist.
You feel drained. The hell rat bites you. The hell rat closely misses you.
You barely miss the hell rat. The hell rat bites you. You partially resist.
You feel drained. The hell rat bites you! You partially resist.
You feel drained. The hell rat barely misses you.
You hit the hell rat.
The hell rat is poisoned.
The hell rat is lightly wounded.
The hell rat bites you but does no damage.
The hell rat bites you.
Your chain mail prevents you from hitting the hell rat.
The hell rat is lightly wounded.
The hell rat closely misses you. The hell rat bites you!
* * * LOW HITPOINT WARNING * * *
The hell rat bites you!
* * * LOW HITPOINT WARNING * * *
You partially resist.
You feel drained. The hell rat bites you.
You die...

#........
##.##..
#.....#..
#.....#
#.....#..
#.....##
#.....#..
. #.....P#
#.....'†.
..##......
#.....#†.
.........#
#.....#..
#.....r#
.......#..
#...@.#
.###.###..
#.#.#.r#
.........
# ##.#
.........
..
..(......
...
.........
....
.........
.....
..####...
...... ..
..#..
..#..


You could see 2 hell rats.

Vanquished Creatures
  Pikel (D:5)
  5 yaks (D:8)
  Sigmund (D:4)
  2 wyverns
  2 basilisks (D:8)
  Edmund (D:5)
  4 water moccasins
  A swamp drake (D:7)
  Duvessa (D:4)
  A phantom (D:5)
  2 ogres
  4 centaurs
  Blork the orc (D:5)
  3 bullfrogs
  3 scorpions
  5 killer bees (D:7)
  A hound (D:4)
  3 orc priests
  2 jellies (D:5)
  A gnoll shaman (D:4)
  Ijyb (D:5)
  Natasha (D:2)
  6 orc wizards
  6 worker ants
  A hound zombie (D:5)
  A hound skeleton (D:4)
  11 adders
  7 gnolls
  2 white imps
  An ufetubus (D:7)
  2 oozes
  2 adder zombies
  2 adder skeletons
  A worm (D:2)
  2 dart slugs
  3 leopard geckos
  42 orcs
  6 giant cockroaches
  16 goblins
  10 hobgoblins
  5 jackals
  5 quokkas
  3 ball pythons
  4 bats
  A frilled lizard (D:2)
  A giant cockroach zombie (D:5)
  A jackal skeleton (D:4)
  8 kobolds
  2 leopard gecko skeletons
  A quokka skeleton (D:6)
  A quokka zombie (D:6)
  6 rats
205 creatures vanquished.

Vanquished Creatures (others)
  A bush (D:8)
  14 plants
15 creatures vanquished.

Grand Total: 220 creatures vanquished

Notes
Turn   | Place    | Note
-------+----------+-------------------------------------------
     0 | D:5      | Spectrina the Demigod Delver began the quest for the Orb.
     0 | D:5      | Reached XP level 1. HP: 18/18 MP: 3/3
     8 | D:4      | Noticed Duvessa
     8 | D:4      | Noticed Dowan
    48 | D:2      | Found an iron altar of Okawaru.
   254 | D:1      | Reached XP level 2. HP: 25/25 MP: 4/4
   629 | D:4      | Reached XP level 3. HP: 12/30 MP: 5/5
   831 | D:2      | Noticed Natasha
   843 | D:2      | Killed Natasha
  1007 | D:3      | Reached XP level 4. HP: 32/37 MP: 6/6
  1072 | D:5      | Noticed Blork the orc
  1384 | D:2      | Reached XP level 5. HP: 35/42 MP: 7/7
  1444 | D:4      | Reached skill level 1 in Staves
  1470 | D:4      | Reached skill level 2 in Staves
  1531 | D:4      | Noticed Sigmund
  1543 | D:4      | Killed Sigmund
  1544 | D:4      | Reached skill level 3 in Staves
  1544 | D:4      | Reached XP level 6. HP: 50/50 MP: 8/8
  1636 | D:4      | Killed Duvessa
  1637 | D:4      | Reached skill level 4 in Staves
  1827 | D:4      | Found an ornate altar of the Wu Jian Council.
  2019 | D:4      | Reached skill level 5 in Staves
  2019 | D:4      | Reached XP level 7. HP: 38/56 MP: 9/9
  2167 | D:6      | Found a glowing silver altar of Zin.
  2168 | D:6      | Found a blossoming altar of Fedhas.
  2472 | D:6      | Reached skill level 6 in Staves
  2707 | D:5      | Noticed Edmund
  2721 | D:5      | Noticed Ijyb
  2730 | D:5      | Killed Edmund
  2751 | D:5      | Killed Ijyb
  2752 | D:5      | Reached skill level 7 in Staves
  2801 | D:5      | Killed Blork the orc
  2904 | D:5      | Reached XP level 8. HP: 37/62 MP: 10/10
  3086 | D:6      | Reached skill level 8 in Staves
  3396 | D:7      | Reached skill level 9 in Staves
  3418 | D:7      | Found a staircase to the Ecumenical Temple.
  3514 | D:7      | Found a stormy altar of Qazlal.
  3809 | D:6      | Reached skill level 10 in Staves
  3973 | D:5      | Reached XP level 9. HP: 40/68 MP: 11/11
  3990 | D:5      | Noticed Pikel
  4055 | D:5      | Killed Pikel
  4176 | D:5      | Found a basalt altar of Yredelemnul.
  4240 | D:7      | Reached skill level 11 in Staves
  4482 | D:8      | Reached skill level 1 in Polearms
  4541 | D:8      | Reached skill level 5 in Polearms
  4587 | D:8      | Found a staircase to the Lair.
  4670 | Lair:1   | Entered Level 1 of the Lair of Beasts
  4693 | Lair:1   | Got a shimmering great mace
  4693 | Lair:1   | Identified the cursed +1 great mace of the Fray {venom,
                  | rN++ Str+4} (You found it on level 1 of the Lair of Beasts)
  4744 | Lair:1   | Reached skill level 5 in Maces & Flails
  4763 | Lair:1   | Reached XP level 10. HP: 43/74 MP: 13/13
  4789 | Lair:2   | Found a hole to the Spider Nest.
  4812 | Lair:1   | Slain by a hell rat

Illustrated notes

Levels and vault maps discovered:
D:1:      dpeg_arrival_short_road, layout_basic
D:2:      layout_loops_ring, okawaru_ov_weapons_minmay, hangedman_decor_lopped,
          uniq_natasha
D:3:      layout_loops_corners, glass_columns_b, bh_walls_and_bars
D:4:      layout_rooms, lemuel_coloured_pillars_altar, lemuel_old_faithful,
          uniq_duvessa, uniq_sigmund
D:5:      layout_cave_pools, yredelemnul_altar_generic, uniq_ijyb,
          uniq_blork_the_orc, uniq_edmund, uniq_pikel
D:6:      corexii_shantytown, layout_basic, gammafunk_temple_overflow_statue,
          serial_glass, glass_columns_b, glass_columns_b,
          minmay_strange_pillars, minmay_strange_pillars
D:7:      layout_rooms, led_sif_book, minmay_temple_entry_glass,
          minmay_misc_feat_nine_boxes, nicolae_qazlal_style_of_elements
D:8:      layout_loops_corners, chequers_temple_overflow_statue_of_worship,
          marbit_many_paths, minmay_lair_entry_grove, serial_shops,
          nicolae_shop_behind_doors, special_room [special_room_orc],
          hangedman_incinerator
D:9:      layout_small_grid, overflow_temple_1_default, xom_shifter_show,
          uniq_prince_ribbit1
Lair:1:   layout_regular_city, infiniplex_staircase_pool, lemuel_fruit_tree,
          uniq_grum
Lair:2:   gammafunk_cloud_chamber, layout_chaotic_city,
          spider_nest_entry_web_field, portal_ice_cave_entry_ice_beasts

Skill      XL: |  1  2  3  4  5  6  7  8  9 |
---------------+----------------------------+-----
Maces & Flails | 2 3 4 5 |  5.4
Staves         | 3 5 7 10 11 | 11.0
Polearms       | 5 |  5.9
Fighting       | |  2.6
Dodging        | |  1.7
Stealth        | |  4.5

Action                   |  1- 3 |  4- 6 |  7- 9 | 10-12 || total
-------------------------+-------+-------+-------+-------++-------
Melee: Mace              |    81 |    33 |       |       ||   114
       Quarterstaff      |       |   103 |   449 |       ||   552
       Unarmed           |       |     6 |    11 |       ||    17
       Bardiche          |       |       |    59 |       ||    59
       Great mace        |       |       |     8 |     5 ||    13
 Fire: Hunting sling     |       |       |     5 |       ||     5
Throw: Boomerang         |     1 |    25 |    60 |       ||    86
       Throwing net      |       |     1 |     1 |       ||     2
       Dart              |       |       |    56 |       ||    56
Evoke: Wand              |       |       |     8 |       ||     8
  Use: Potion            |       |     5 |     4 |       ||     9
       Scroll            |       |       |     8 |       ||     8
 Stab: Sleeping          |     8 |     3 |    10 |       ||    21
       Distracted        |       |     1 |       |       ||     1
       Held in net/web   |       |     1 |     1 |       ||     2
       Invisible         |       |       |     3 |       ||     3
       Paralysed         |       |       |     3 |       ||     3
Armor: Leather armour    |    24 |     7 |   137 |       ||   168
       Scale mail        |       |    62 |       |       ||    62
       Skin              |       |       |    13 |       ||    13
       Chain mail        |       |       |    52 |     3 ||    55
Dodge: Dodged            |    68 |    95 |   276 |     6 ||   445

Table legend: (Time is in decaauts)
 A = Elapsed time spent in this place.
 B = Non-inter-level travel time spent in this place.
 C = Inter-level travel time spent in this place.
 D = Time resting spent in this place.
 E = Time spent auto-exploring this place.
 F = Levels seen in this place.
 G = Mean time per level.
                   A        B        C        D        E       F      G
               +--------+--------+--------+--------+--------+-----+--------+
         Total |   4882 |   4716 |    166 |      6 |      0 |  11 |  443.8 |
       Dungeon |   4738 |   4572 |    166 |      6 |      0 |   9 |  526.4 |
          Lair |    144 |    144 |      0 |      0 |      0 |   2 |   72.0 |
               +--------+--------+--------+--------+--------+-----+--------+

Top non-repeatable levels by time:
     D:6: 1080 daAuts
     D:4: 718 daAuts
     D:5: 714 daAuts
     D:7: 559 daAuts
     D:3: 525 daAuts
     D:2: 452 daAuts
     D:8: 353 daAuts
     D:1: 332 daAuts
  Lair:1: 125 daAuts
  Lair:2: 19 daAuts
     D:9: 1 daAuts
